[Event "Oberliga Wuerttemberg 2023-24"]
[Site "Wuerttemberg"]
[Date "2024.04.14"]
[Round "9.33"]
[White "Velicka, Petr"]
[Black "Altenhof, Martin"]
[Result "1-0"]
[ECO "E95"]
[WhiteElo "2369"]
[BlackElo "2143"]
[Annotator "RC"]
[PlyCount "155"]
[EventDate "2024.03.14"]
[EventType "team-tourn"]
[EventCountry "GER"]
[SourceTitle "playchess.com"]
[Source "ChessBase"]
[SourceQuality "1"]
[TimeControl "40/5400+30:1800+30"]

1. Nf3 Nf6 2. c4 g6 3. Nc3 Bg7 4. e4 d6 5. d4 O-O 6. Be2 Nbd7 7. O-O e5 8. Re1 c6 9. Bf1 Nh5 10. Be3 Bf6 11. dxe5 dxe5 12. c5 Qe7 13. Qc1 Rd8 14. Rd1 Nf8 15. Rxd8 Qxd8 16. Qc2 Qe7 17. Bc4 Be6 18. Bb3 Ng7 19. h3 Bxb3 20. axb3 a6 21. Rd1 Nfe6 22. Ne2 Rd8 23. b4 Nc7 24. Rxd8+ Qxd8 25. Qd2 Qe7 26. Nc1 Nge8 27. Nb3 Nb5 28. Na5 Qc7 29. Nc4 Bg7 30. Qd3 Kf8 31. Na5 Nf6 32. Bg5 Nd7 33. Be3 Ke7 34. Nc4 Kf8 35. Kf1 Kg8 36. Bg5 Bf8 37. Kg1 h6 38. Be3 Bg7 39. Na5 Bf8 40. Qd2 Kh7 41. Nc4 Bg7 42. Qd3 Bf8 43. Nfd2 Be7 44. Nb3 Bg5 45. Bxg5 hxg5 46. Qd2 f6 47. Nd6 Nxd6 48. cxd6 Qc8 49. Nc5 b6 50. Ne6 c5 51. bxc5 bxc5 52. Qa5 c4 53. Qc7 Qxc7 54. dxc7 Nb6 55. Nc5 a5 56. Nd7 Nc8 57. Nxf6+ Kg7 58. Nd5 Kf7 59. Ne3 c3 60. bxc3 a4 61. Nc4 Ke6 62. Kf1 Kd7 63. Ke2 Kxc7 64. Kd3 Ne7 65. Nxe5 Kd6 66. Nf7+ Kc5 67. Nxg5 a3 68. Kc2 a2 69. Kb2 Kc4 70. g4 a1=Q+ 71. Kxa1 Kxc3 72. f4 Kd4 73. Kb2 Ke3 74. f5 gxf5 75. exf5 Kf4 76. Ne6+ Kg3 77. f6 Ng6 78. f7 1-0

[Event "Oberliga Wuerttemberg 2023-24"]
[Site "Wuerttemberg"]
[Date "2024.04.14"]
[Round "9.34"]
[White "Guess, Cornel-Andreas"]
[Black "Jurek, Josef"]
[Result "1/2-1/2"]
[ECO "E25"]
[WhiteElo "1963"]
[BlackElo "2205"]
[Annotator "TA"]
[PlyCount "86"]
[EventDate "2024.03.14"]
[EventType "team-tourn"]
[EventCountry "GER"]
[SourceTitle "playchess.com"]
[Source "ChessBase"]
[SourceQuality "1"]
[TimeControl "40/5400+30:1800+30"]

1. d4 Nf6 2. c4 e6 3. Nc3 Bb4 4. a3 Bxc3+ 5. bxc3 c5 6. f3 d5 7. cxd5 Nxd5 8. dxc5 Qa5 9. e4 Ne7 ({But not} 9... Nxc3 10. Qd2 Nc6 11. Bb2 $16) 10. Be3 Na6 11. Bxa6 bxa6 (11... Qxa6 $14 12. Qd6 Qxd6 13. cxd6 Nc6) 12. Ne2 $16 {[%emt 0:03:19] White is better.} O-O 13. O-O Rd8 {[%emt 0:01:31] Inhibits Qd6.} 14. Qb3 Bd7 {[%emt 0:04:34] Black is weak on the dark squares} 15. Qb4 Qc7 16. c4 e5 17. Rfd1 Rab8 18. Qe1 {[%emt 0:01:15] White is more active.} (18. Qc3 $5) 18... Be6 19. Rxd8+ Rxd8 20. Rd1 Bxc4 21. Kf2 Nc6 22. Rxd8+ Qxd8 23. Qc3 Bb5 24. Qd2 Qxd2 25. Bxd2 Bxe2 26. Kxe2 $11 {[%emt 0:00:13][%mdl 4096] Endgame. KB-KN} Kf8 27. Kd3 Ke7 28. Kc4 Ke6 29. Be3 f6 30. Bf2 Kd7 31. Be3 Ne7 (31... Ke6 $11) 32. Kb4 Kc6 33. Ka5 Kb7 34. Kb4 Nc6+ 35. Kc4 {[%emt 0:00:06] Threatens to win with Kd5.} Kc7 36. Kd5 {[%emt 0:00:41] [#] Strongly threatening Ke6.} Kd7 37. Kc4 ({White should try} 37. h4 $14) 37... Ke6 38. Bf2 h5 39. g3 g6 40. Be3 Na5+ 41. Kb4 Nc6+ 42. Kc4 Na5+ 43. Kb4 Nc6+ {[%emt 0:00:08] Weighted Error Value: White=0.16 (very precise) /Black=0.14 (very precise) .  Mistake:       	White=1     	Black=2      Inaccurate:     	White=8     	Black=6      OK:         	White=9     	Black=12     Best:        	---       	Black=3} 1/2-1/2

[Event "Oberliga Wuerttemberg 2023-24"]
[Site "Wuerttemberg"]
[Date "2024.04.14"]
[Round "9.35"]
[White "Flajsman, Pavel"]
[Black "Einwiller, Bernd"]
[Result "1-0"]
[ECO "B07"]
[WhiteElo "2219"]
[BlackElo "2082"]
[Annotator "TA"]
[PlyCount "57"]
[EventDate "2024.03.14"]
[EventType "team-tourn"]
[EventCountry "GER"]
[SourceTitle "playchess.com"]
[Source "ChessBase"]
[SourceQuality "1"]
[TimeControl "40/5400+30:1800+30"]

1. d4 Nf6 2. Nf3 g6 3. Nbd2 Bg7 4. e4 d6 5. Bb5+ c6 6. Bd3 O-O 7. O-O Nbd7 8. a4 {[%emt 0:00:34] The position is equal.} Qc7 9. c3 a5 10. Qc2 e5 11. dxe5 Nxe5 12. Nxe5 dxe5 13. Re1 (13. Nc4 $5) 13... Be6 14. Nc4 Nd7 15. b4 axb4 16. cxb4 f5 (16... Rfc8 $11) 17. Bb2 $14 Rf7 18. a5 Raf8 19. f3 {[%emt 0:11:24] White is more active.} f4 20. Kh1 g5 21. a6 b6 {[%emt 0:01:42] [#] This move loses the game for Black.} (21... bxa6 $16 {is a better defense.} 22. Rxa6 Re8) 22. Be2 {[%emt 0:02:17] Hoping for Red1.} h5 (22... b5 {keeps fighting.} 23. Na5 Nb8) 23. Qd1 {[%emt 0:03:09] Threatens to win with Qd6.} Bf6 $2 (23... Ra8 24. Qd6 Qxd6 25. Nxd6 Re7) 24. Qd6 $18 {[%emt 0:05:09] White is clearly winning.} Qxd6 25. Nxd6 Rg7 26. Rec1 c5 27. Nb5 Kf7 28. a7 Rgg8 29. Nc7 {[%emt 0:00:21] Weighted Error Value: White=0.14 (very precise) /Black=0.57.  Loses game:     	---       	Black=1      Mistake:       	---       	Black=3      Inaccurate:     	White=2     	Black=3      OK:         	White=9     	Black=3      Best:        	White=1     	---} 1-0

[Event "Oberliga Wuerttemberg 2023-24"]
[Site "Wuerttemberg"]
[Date "2024.04.14"]
[Round "9.36"]
[White "Nagelsdiek, Michael"]
[Black "Bergner, Philipp"]
[Result "1/2-1/2"]
[ECO "A34"]
[WhiteElo "2035"]
[BlackElo "2139"]
[Annotator "TA"]
[PlyCount "142"]
[EventDate "2024.03.14"]
[EventType "team-tourn"]
[EventCountry "GER"]
[SourceTitle "playchess.com"]
[Source "ChessBase"]
[SourceQuality "1"]
[TimeControl "40/5400+30:1800+30"]

1. c4 Nf6 2. g3 c5 3. Bg2 Nc6 4. Nc3 e6 5. e3 d5 6. cxd5 Nxd5 7. Nf3 Be7 8. O-O O-O 9. a3 {[%emt 0:02:30] A34: Symmetrical English: 2 Nc3, lines with ...d5.} Nxc3 10. dxc3 e5 11. e4 Be6 $146 ({Predecessor:} 11... Qc7 12. Qe2 Na5 13. Be3 Be6 14. Nd2 Rfd8 15. f4 exf4 16. gxf4 f6 17. Rad1 Bf7 18. Rde1 Rd7 19. Bh3 Rd6 {0-1 Basson,H-Rodriguez Perez,R DESC Liga 2016rd Gr.B email}) 12. Qc2 Qc7 13. Be3 Rfd8 14. Rfe1 Na5 15. Bf1 Rac8 16. Nd2 c4 17. f4 exf4 18. gxf4 Bc5 19. e5 Bxe3+ 20. Rxe3 Qb6 21. Rae1 Bd5 22. f5 Nc6 23. e6 fxe6 24. Nxc4 Qc5 25. b4 Qe7 26. fxe6 Qh4 27. Rh3 Qg4+ 28. Rg3 Qf4 29. Qf2 (29. e7 $16 Re8) 29... Qxf2+ $14 30. Kxf2 Rf8+ (30... Ne7 $14 31. Nd2 Ba2) 31. Kg1 $1 $16 (31. Ke3 $6 Rcd8 $11 (31... Bxe6 32. Nd6 $14)) 31... Ne7 (31... Rxf1+ $16 {was called for.} 32. Rxf1 Bxc4) 32. Nd6 $18 Rcd8 33. Nf7 Rc8 34. Re5 Rc6 35. Bh3 g6 36. Re2 $2 (36. Rd3 $18) 36... Rfc8 $11 37. Ree3 Ra6 38. Ng5 (38. Bf1 $11 Rxe6 39. Rxe6 Bxe6 40. Nd6) 38... Rxa3 $15 39. Bf1 ({White should try} 39. Ne4 $15) 39... Nf5 ({Black should play} 39... Ra1 $1 40. Re5 Rf8) 40. e7 $17 Nxe3 (40... Re8 $1 $17 {[%cal Oa3a1] Strongly threatening ...Ra1!} 41. Re5 Nxg3 (41... Rxe7 42. Rxe7 Nxe7 43. Re3 $17) (41... Nxe7 42. Rd3 $14) 42. Rxd5 Rxe7 (42... Nxf1 $2 43. Rd8 $18) 43. hxg3 Rxc3) 41. Rxe3 $11 Bc6 (41... Raxc3 $2 42. Rxc3 (42. e8=R+ Rxe8 43. Rxe8+ Kg7 $18) 42... Re8 43. Rc7 $18) (41... Re8 $1 $11 {keeps the balance.} 42. Bb5 Bc6 43. Bc4+ Kg7) 42. Bc4+ (42. Ne4 $16 {Nd6 would now be deadly.} Rb8 (42... Bxe4 43. Rxe4 Kf7 44. Bb5 $18) 43. Nd6) 42... Kg7 $11 43. Nf7 Ra1+ 44. Kf2 b5 $2 (44... Re8 $11 45. b5 (45. Nd6 Rd1 $18) 45... Bd7 (45... Bxb5 46. Bxb5 Kxf7 47. Rf3+ Kxe7 48. Re3+ Kd6 49. Bxe8 $16)) 45. Nd6 (45. Bxb5 $1 $18 Rf1+ (45... Bxb5 $2 46. Nd6 $16) (45... Kxf7 $2 46. Bxc6 Re8 47. Rf3+ Kxe7 48. Re3+ Kd6 49. Bxe8 $18) 46. Bxf1 (46. Kxf1 $2 Bxb5+ 47. Kf2 Kxf7 $19) 46... Kxf7 47. Bc4+ Ke8 48. Bg8) 45... Rb8 $14 46. Be2 Ra6 47. e8=Q (47. e8=N+ Bxe8 48. Nxe8+ (48. Rxe8 Rxe8 49. Nxe8+ Kf8 $18) 48... Kg8) 47... Bxe8 48. Nxe8+ (48. Rxe8 Rxe8 49. Nxe8+ Kf7 $16) 48... Kf7 49. Nc7 Rf6+ (49... Ra2 $16) 50. Kg3 (50. Rf3 $1 $18) 50... a6 $16 51. Nd5 Re6 (51... Rd6 $14 52. Re7+ Kg8) 52. Rxe6 $1 $18 Kxe6 53. Nc7+ Kd6 54. Nxa6 Re8 {[%emt 0:00:24] [#]} (54... Rc8 {might work better.}) 55. Kf2 $1 $18 ({Don't take} 55. Bxb5 $6 Re3+ 56. Kf2 Rxc3 $16) 55... Rf8+ 56. Bf3 Rf4 {[%emt 0:02:21] [#]} (56... g5 $16 {was worth a try.} 57. Kg2 Re8) 57. Nc5 $1 $18 Rh4 58. Kg2 g5 59. Be2 Kc6 60. Nb3 Kb6 61. Nd4 Re4 62. Bxb5 h5 63. Be2 ({Better is} 63. Bf1 $18) 63... g4 (63... Re3 $16) 64. h3 $2 (64. Kf2 $18 {aiming for Bd3.} h4 65. Bc4) 64... gxh3+ $11 65. Kxh3 Re3+ 66. Kh4 Rxc3 67. Kxh5 Re3 68. Bf1 Re1 69. Bg2 Rd1 70. Nc6 Rc1 71. Kg4 Rxc6 1/2-1/2

[Event "Oberliga Wuerttemberg 2023-24"]
[Site "Wuerttemberg"]
[Date "2024.04.14"]
[Round "9.37"]
[White "Hoenick, Andreas"]
[Black "Einwiller, Dieter"]
[Result "1-0"]
[ECO "D52"]
[WhiteElo "2101"]
[BlackElo "1989"]
[Annotator "NA RC"]
[PlyCount "57"]
[EventDate "2024.03.14"]
[EventType "team-tourn"]
[EventCountry "GER"]
[SourceTitle "playchess.com"]
[Source "ChessBase"]
[SourceQuality "1"]
[TimeControl "40/5400+30:1800+30"]

1. d4 d5 2. c4 c6 3. Nf3 e6 4. Nc3 Nf6 5. Bg5 Nbd7 6. e3 Qa5 7. cxd5 exd5 8. Rc1 Ne4 9. Bf4 Bd6 10. Bxd6 Nxd6 11. Bd3 Nf6 12. Qc2 g6 13. O-O Bf5 14. Bxf5 gxf5 15. Ne5 Rg8 16. b4 Qd8 17. f3 Nh5 18. b5 f6 19. Nd3 Nc4 20. Rfe1 Kf7 21. bxc6 bxc6 22. Nc5 Qc8 23. Qf2 Rg5 24. Rb1 Kg8 25. Ne2 Rb8 26. Nf4 Rb6 27. h4 Nxf4 28. hxg5 Ne6 29. gxf6 1-0

[Event "Oberliga Wuerttemberg 2023-24"]
[Site "Wuerttemberg"]
[Date "2024.04.14"]
[Round "9.38"]
[White "Janasik, Gerhard"]
[Black "Weiss, Andreas"]
[Result "1/2-1/2"]
[ECO "B40"]
[WhiteElo "1938"]
[BlackElo "2043"]
[Annotator "TA"]
[PlyCount "125"]
[EventDate "2024.03.14"]
[EventType "team-tourn"]
[EventCountry "GER"]
[SourceTitle "playchess.com"]
[Source "ChessBase"]
[SourceQuality "1"]
[TimeControl "40/5400+30:1800+30"]

1. e4 c5 2. Nf3 e6 3. g3 a6 4. Bg2 b5 5. O-O Bb7 6. d3 {[%emt 0:08:14] B40: Sicilian: 2...e6, Unusual lines.} d6 7. Nbd2 g6 8. c3 Bg7 9. d4 $146 ({Predecessor:} 9. h4 Ne7 10. h5 Nbc6 11. Re1 O-O 12. Nf1 h6 13. N3h2 Kh7 14. g4 g5 15. Ng3 {1-0 Shermuhammadov,S (1733)-Chinguun,S (2032) Asia-ch U12 Ulaanbaatar 2016 (4)}) 9... Nd7 10. Re1 e5 11. a4 Ngf6 12. Bf1 (12. d5 $14) 12... Qb6 (12... exd4 $11 13. cxd4 O-O) 13. axb5 (13. b4 $14) 13... axb5 $11 14. Rxa8+ Bxa8 15. d5 O-O 16. c4 b4 17. Bd3 Bb7 18. Nf1 Ra8 19. Kg2 Nf8 20. Ne3 Bc8 (20... Ra2 {seems wilder.} 21. b3 Bc8 22. h3 Qb7) 21. h3 Bd7 (21... Ra2 {is interesting.} 22. b3 Qb7 23. Nc2 N8d7) 22. Kh2 Qd8 23. Ng1 Bh6 24. f3 Ra1 25. Qe2 Nh5 26. Bd2 Ra2 27. Bc1 (27. Rb1 $11 {keeps the balance.}) 27... Ng7 (27... f5 $1 $17 {[%cal Rf5f4] White must now prevent ...f4.} 28. exf5 gxf5) 28. Rf1 f5 29. f4 exf4 30. gxf4 fxe4 31. Bxe4 Nf5 32. Bxf5 Bxf5 33. Nxf5 gxf5 34. Nf3 Qf6 35. Ng5 Bg7 36. Rg1 Ra7 37. Re1 h6 38. Nf3 Qf7 39. Qc2 Re7 40. Qd1 (40. Re2 $11) 40... Rxe1 ({Black should try} 40... Ng6 $1 $17 41. Qd3 Rxe1 42. Nxe1 Nh4) 41. Qxe1 $11 Bf6 42. b3 Qe7 43. Qxe7 Bxe7 44. Bb2 Kf7 45. Kg3 Ng6 46. h4 h5 47. Ng5+ Bxg5 48. fxg5 f4+ 49. Kf3 Nxh4+ 50. Kxf4 Kg6 51. Bf6 Nf5 52. Bb2 $2 (52. Kf3 $11) 52... h4 $1 53. Kg4 {[%emt 0:00:00] [#]} h3 $2 (53... Nd4 $1 {[%mdl 512] mates} 54. Kxh4 (54. Bc1 Nxb3) 54... Nxb3 55. Kh3 Nd2 (55... Kxg5 $2 56. Bh8 $19) 56. Bf6 b3 (56... Nxc4 $2 57. Kg2 $19) 57. Kg2 Nxc4 58. Kf3 b2 59. Bxb2 Nxb2 60. Ke3 Kxg5 61. Kd2 Na4 62. Kd3 Kf4 63. Kc4 Ke4 64. Kb5 Nc3+ 65. Kc4 Nxd5 66. Kb3 Kd3 67. Ka3 c4 68. Ka4 c3 69. Kb5 c2 70. Kc6 Kc4 (70... c1=B $2 71. Kxd6 Kd4 72. Kc6 $19) 71. Kb7 c1=Q (71... c1=B {gets mated.} 72. Kc6 Bf4 73. Kb7 Kc5 74. Kc8 Ne3 75. Kd7 d5 76. Ke6 d4 77. Kf7 d3 78. Kg8 d2 79. Kg7 d1=Q 80. Kg6 Qd6+ 81. Kf7 Nf5 82. Kg8 Qg6+ 83. Kh8 Qg7#) 72. Kb8 Qb2+ 73. Kc8 Qg7 74. Kd8 Qc7+ 75. Ke8 Qe7#) 54. Kxh3 $11 Kxg5 55. Bc1+ Kg6 56. Bf4 Kf6 57. Kg4 Nd4 58. Bxd6 Nxb3 59. Kf4 Nd2 60. Bxc5 Nxc4 61. Bxb4 Nb6 (61... Kf7 $5) 62. Ke4 $1 Nxd5 63. Bc3+ 1/2-1/2

[Event "Oberliga Wuerttemberg 2023-24"]
[Site "Wuerttemberg"]
[Date "2024.04.14"]
[Round "9.39"]
[White "Lang, Thomas"]
[Black "Schubert, Martin"]
[Result "1/2-1/2"]
[ECO "C56"]
[WhiteElo "2031"]
[BlackElo "1955"]
[Annotator "NA RC"]
[PlyCount "27"]
[EventDate "2024.03.14"]
[EventType "team-tourn"]
[EventCountry "GER"]
[SourceTitle "playchess.com"]
[Source "ChessBase"]
[SourceQuality "1"]
[TimeControl "40/5400+30:1800+30"]

1. e4 e5 2. Nf3 Nc6 3. Bc4 Nf6 4. d4 exd4 5. O-O Nxe4 6. Re1 d5 7. Bxd5 Qxd5 8. Nc3 Qd7 9. Nxe4 Be7 10. Bg5 O-O 11. Bxe7 Qxe7 12. Nxd4 Bd7 13. Nb5 Rad8 14. Qh5 1/2-1/2

[Event "Oberliga Wuerttemberg 2023-24"]
[Site "Wuerttemberg"]
[Date "2024.04.14"]
[Round "9.40"]
[White "Schuelke, Tilman"]
[Black "Pohl, Walter"]
[Result "0-1"]
[ECO "D00"]
[WhiteElo "1857"]
[BlackElo "2071"]
[Annotator "TA"]
[PlyCount "160"]
[EventDate "2024.03.14"]
[EventType "team-tourn"]
[EventCountry "GER"]
[SourceTitle "playchess.com"]
[Source "ChessBase"]
[SourceQuality "1"]
[TimeControl "40/5400+30:1800+30"]

1. d4 d5 2. c3 Nc6 3. Bf4 f6 4. e3 e5 5. Bg3 a6 6. Nf3 e4 7. Nfd2 f5 8. a3 {[%emt 0:01:31] White is slightly better.} Nf6 9. c4 Be6 10. Nc3 Bd6 (10... Be7 $14 {deserves consideration.}) 11. Bxd6 (11. Bh4 $16 {Strongly threatening cxd5.} Be7 12. Bxf6 Bxf6 13. cxd5 Bxd5 14. Nxd5 Qxd5 15. Bc4) 11... Qxd6 $11 12. cxd5 Nxd5 13. Nc4 Qd7 14. Nxd5 Qxd5 15. Nd2 b5 16. Rc1 Qd6 17. g3 O-O 18. Nb1 Na5 19. Nd2 Rac8 20. b4 Nb7 21. h4 c6 22. Nb3 Bd5 23. Nc5 Qe7 24. Nxb7 (24. Nxa6 $2 Ra8 25. Nc5 Rxa3 $19) 24... Qxb7 25. Bg2 {[%emt 0:01:17] [#]} (25. a4 $11) 25... a5 $1 26. Qd2 (26. O-O Ra8) 26... axb4 27. Qxb4 {[%emt 0:01:01] [#]} (27. axb4 $15 h6 28. O-O) 27... Ra8 $1 $17 28. O-O Ra4 29. Qc5 Rfa8 30. Rc3 Qa7 31. Qd6 Rxa3 32. Rc5 (32. Rxc6 $1 $15 Bxc6 33. Qxc6) 32... Qf7 ({Better is} 32... b4 $19 {Threatens to win with ...Qb7.} 33. Rxd5 cxd5 34. Qxb4 Qd7) 33. Kh2 (33. Rxc6 $17 {might work better.} Bxc6 34. Qxc6) 33... Ra2 34. Kg1 b4 35. Rxd5 Qxd5 36. Qxb4 h5 37. Qe7 Ra1 {[%emt 0:00:49] Inhibits Rc1.} 38. Kh2 Qf7 39. Qc5 Qd7 40. Bh3 (40. Rxa1 $17 Rxa1 41. f3) 40... g6 (40... R1a5 $19 41. Qc3 g6) 41. Rxa1 Rxa1 {[%emt 0:30:06][%mdl 4096] Endgame. KQR-KQB} 42. Qe5 (42. Bf1 $17) 42... Kh7 (42... Qb7 $19 {aiming for ...Kh7.} 43. Kg2 Qf7) 43. Qf6 $2 (43. Qxe4 $1 $15 fxe4 44. Bxd7) 43... Rb1 44. Kg2 Rc1 45. Qe5 Rc2 (45... c5 $19 {is more deadly. White must now prevent ...cxd4.} 46. dxc5 Rc2) 46. Qf4 (46. Qxe4 $17 {was the only defense.} Qd5 (46... fxe4 47. Bxd7 Kg7 48. g4 $15) 47. Qxd5 cxd5 48. Kf3) 46... c5 $19 47. dxc5 Rxc5 (47... Kg7 $19 48. Qe5+ Kf7 (48... Kh7 $2 49. Kg1 $17)) 48. Qg5 $2 ({Only move:} 48. Qxe4 $15 Rc3 49. Kh2) 48... Rc1 49. Qf6 Rc7 50. Qe5 Ra7 51. Qf4 (51. Kg1 {keeps fighting.}) 51... Qd1 52. Qg5 Qf3+ 53. Kg1 Qd1+ $2 ({Black should play} 53... Rf7 $19 {...Qe2 is the strong threat.} 54. Qd8 Qe2) 54. Kh2 $2 (54. Kg2 $1 $11) 54... Rf7 55. Kg2 Kg7 56. Kh2 Qf3 57. Kg1 Rf6 58. Bg2 Qg4 59. Qxg4 hxg4 {[%emt 0:00:06] KR-KB} 60. Bf1 Rc6 61. Kg2 $2 (61. Bb5 Rc5 62. Bd7) 61... Kf6 62. Bb5 Rc8 63. Ba6 Rb8 $2 (63... Rc5 64. Bf1 Kg7) 64. Bc4 Rb7 65. Ba2 Ke5 66. Bc4 Kd6 {[%emt 0:00:06] ...Kc5 would now be deadly.} 67. Ba2 Kc5 68. Bg8 $2 (68. h5 Rg7 (68... gxh5 $2 69. Be6 $19) 69. hxg6) 68... Rg7 (68... Re7 $142 69. Bb3 Kd6) 69. Ba2 Kb4 {[%emt 0:00:21] ( -> ...Re7)} 70. Be6 $2 (70. h5 $19 gxh5 71. Kh2) 70... Re7 71. Bd5 Kc3 72. Ba2 Kd2 73. Bc4 Ke1 (73... Rc7 $142 74. Be6 Re7 75. Bc8 Ke2 76. h5 gxh5 77. Bxf5 Rf7 78. Bxe4 Rxf2+ 79. Kg1 Kxe3 80. Bd5 Rd2 81. Bb7 h4 82. gxh4 Kf4 83. Kf1 Rh2 84. h5 Kg3 (84... Rxh5 $2 85. Kf2 $19) 85. h6 Rxh6 86. Ke2 Kh2 87. Kd3 Rb6 (87... g3 {leads to mate.} 88. Kd4 Rh5 89. Bf3 g2 90. Bxh5 g1=Q+ 91. Ke4 Qe1+ 92. Kf4 Qc1+ 93. Kf5 Qf1+ 94. Kg5 Kg3 95. Be8 Qf8 96. Bh5 Qc5+ 97. Kf6 Qxh5 98. Ke6 Qc5 99. Kd7 Kf4 100. Ke6 Qc6+ 101. Kf7 Kf5 102. Kg8 Qd7 103. Kf8 Kg6 104. Kg8 Qg7#) 88. Ba8 Rb4 (88... g3 {is a self mate.} 89. Kd4 Ra6 90. Bf3 Ra5 91. Bc6 g2 92. Bxg2 Kxg2 93. Ke4 Kg3 94. Kd3 Ra4 95. Ke3 Rf4 96. Kd2 Kf3 97. Kd3 Kf2 98. Kd2 Rf3 99. Kd1 Ke3 100. Kc2 Ke2 101. Kc1 Kd3 102. Kb2 Kd2 103. Kb1 Kc3 104. Ka2 Rf1 105. Ka3 Ra1#) 89. Kc3 Rf4 (89... g3 90. Kxb4 Kg1 91. Kb3 $11) 90. Kd3 g3 91. Ke3 Rh4 92. Ke2 g2 93. Bxg2 Kxg2 94. Ke3 Ra4 95. Kd3 Kf3 96. Kc3 Ke3 97. Kb3 Rh4 98. Kc3 Ke2 99. Kc2 Rh3 100. Kc1 Kd3 101. Kb2 Kd2 102. Ka1 Kc2 103. Ka2 Rg3 104. Ka1 Ra3#) 74. Bb5 Rc7 {[%emt 0:03:28] Black mates.} 75. Be8 Rc2 76. Bxg6 Rxf2+ 77. Kg1 Ke2 78. h5 Kf3 79. Bxf5 Rg2+ 80. Kh1 Rxg3 {[%emt 0:00:15] Weighted Error Value: White=0.36/Black=0.31.  Loses game:     	White=2     	---        Missed win:     	---       	Black=1      Mistake:       	White=12    	Black=7      Inaccurate:     	White=5     	Black=7      OK:         	White=18    	Black=17     Best:        	White=4     	---        Strong:       	---       	Black=1} 0-1